 Dungeon Crawl Stone Soup version 0.21.0-3-g78d12a8 (webtiles) character file.

90 JeffiDaFish the Shield-Bearer (level 4, -1/29 HPs)
             Began as a Gargoyle Fighter on Jan 9, 2018.
             Slain by Natasha (3 damage)
             ... on level 2 of the Dungeon.
             The game lasted 00:02:03 (1035 turns).

JeffiDaFish the Shield-Bearer (Gargoyle Fighter)    Turns: 1035, Time: 00:02:04

Health: -1/29      AC: 11    Str: 24    XL:     4   Next: 56%
Magic:  4/4        EV:  7    Int:  9    God:
Gold:   9          SH:  9    Dex: 10    Spells: 3/3 levels left

rFire    . . .     SeeInvis .   a - +0 flail
rCold    . . .     Gourm    .   c - +0 shield
rNeg     + . .     Faith    .   b - +0 scale mail
rPois    ∞         Spirit   .   (no helmet)
rElec    +         Reflect  .   (no cloak)
rCorr    .         Harm     .   (no gloves)
MR       .....                  h - +0 pair of boots (curse)
Stlth    ..........             (no amulet)
HPRegen  0.09/turn              (no ring)
MPRegen  0.09/turn              (no ring)

@: mighty
A: negative energy resistance 1, electricity resistance, unbreathing,
petrification resistance, rot immunity, AC +3
a: no special abilities


You were on level 2 of the Dungeon.
You were not hungry.

You visited 1 branch of the dungeon, and saw 2 of its levels.

You collected 9 gold pieces.

Inventory:

Hand Weapons
 a - a +0 flail (weapon)
 e - a +2 vampiric whip
Armour
 b - a +0 scale mail (worn)
 c - a +0 shield (worn)
 h - a cursed +0 pair of boots (worn)
Comestibles
 f - a ration
 g - a chunk of flesh


   Skills:
 + Level 3.9 Fighting
 + Level 3.0 Maces & Flails
 + Level 3.8 Armour
 + Level 0.2 Dodging
 + Level 4.0 Shields


You had 3 spell levels left.
You didn't know any spells.

Dungeon Overview and Level Annotations

Branches:
Dungeon (2/15)

Altars:

Annotations:
D:2 Natasha


Innate Abilities, Weirdness & Mutations

You are resistant to torment.
Your stone body is resilient. (AC +3)
You are immune to poison.
You resist negative energy. (rN+)
You are resistant to electric shocks. (rElec)
You can survive without breathing.
You are immune to petrification.
You are immune to rotting.


Message History

You block the orc's attack. You block the orc priest's attack.
The orc hits you but does no damage. You block Natasha's attack.
You sock the orc priest!
You kill the orc priest!
Your Maces & Flails skill increases to level 3!
Your Shields skill increases to level 4!
You block the orc's attack.
Natasha casts a spell.
You block the orc's attack. The rat bites you but does no damage.
You block the orc's attack.
You barely miss Natasha.
Natasha is lightly wounded.
You block the orc's attack. Natasha claws you but does no damage.
You block the rat's attack.
The crimson imp blinks!
The orc barely misses you. Natasha claws you but does no damage.
The orc barely misses you.
You sock Natasha!
Natasha is severely wounded.
You block the rat's attack. The orc hits you but does no damage.
The orc barely misses you. Natasha claws you.
You die...

#.. % #.. # #. #.. ###
.# .##..#.. .. #####
...$..##.#.######...#
#..r..........<....#
#.rho...##.###......
#.o@# .......... #...#
..#.......
#...######.........#
#...#...###..###...#
#..÷#...# #..###.###
#####...#...###......#
...............#.####
..............)#.#
.................#


You could see Natasha, 2 orcs, a quokka and a rat.

Vanquished Creatures
  An orc priest (D:2)
  Jessica (D:2)
  An adder (D:2)
  A dart slug (D:2)
  2 goblins (D:1)
  2 hobgoblins (D:1)
  4 kobolds
  2 quokkas (D:2)
  5 bats
  2 frilled lizards
  5 rats
26 creatures vanquished.

Notes
Turn   | Place    | Note
-------+----------+-------------------------------------------
     0 | D:1      | JeffiDaFish the Gargoyle Fighter began the quest for the Orb.
     0 | D:1      | Reached XP level 1. HP: 14/14 MP: 1/1
   144 | D:1      | Reached XP level 2. HP: 19/19 MP: 2/2
   767 | D:2      | Noticed Jessica
   780 | D:2      | Killed Jessica
   780 | D:2      | Reached XP level 3. HP: 19/24 MP: 3/3
   849 | D:2      | Reached XP level 4. HP: 15/29 MP: 4/4
  1018 | D:2      | Noticed Natasha
  1031 | D:2      | HP: 1/29 [Natasha/magic dart (1)]
  1033 | D:2      | Reached skill level 4 in Shields
  1035 | D:2      | Slain by Natasha

Skill      XL: |  1  2  3  4 |
---------------+-------------+-----
Maces & Flails | 3 |  3.0
Shields        | 4 |  4.0
Fighting       | |  3.9
Armour         | |  3.8
Dodging        | |  0.2

Action                   |  1- 3 |  4- 6 || total
-------------------------+-------+-------++-------
Melee: Flail             |   121 |    17 ||   138
  Use: Potion            |     2 |     1 ||     3
       Scroll            |     2 |       ||     2
  Eat: Chunk             |       |     1 ||     1
Armor: Scale mail        |    64 |    24 ||    88
Dodge: Dodged            |    37 |     8 ||    45
Block: Shield            |    63 |    24 ||    87
